 Dungeon Crawl Stone Soup version 0.30-a0-782-ge64f9170bb (webtiles) character file.

Game seed: 11704244471600847640

99 Crownlay the Digger (level 4, -1/27 HPs)
             Began as an Octopode Earth Elementalist on Feb 26, 2023.
             Slain by an orc
             ... wielding a +0 hand axe
              (3 damage)
             ... on level 3 of the Dungeon.
             The game lasted 00:01:38 (1727 turns).

Crownlay the Digger (Octopode Earth Elementalist)   Turns: 1727, Time: 00:01:39

Health: -1/27      AC:  1    Str:  7    XL:     4   Next: 72%
Magic:  6/9        EV: 13    Int: 19    God:
Gold:   126        SH:  0    Dex: 12    Spells: 6/10 levels left

rFire   . . .      SeeInvis .    f - +1 dagger (venom)
rCold   . . .      Faith    .    (no shield)
rNeg    . . .      Spirit   .    (helmet restricted)
rPois   .          Reflect  .    i - amulet of magic regeneration
rElec   .          Harm     .    (no ring)
rCorr   .          Rampage  .    (no ring)
Will    .....                    (no ring)
Stlth   +++                      (no ring)
HPRegen 0.24/turn                (no ring)
MPRegen 0.51/turn                (no ring)
                                 (no ring)
                                 (no ring)

@: no status effects
A: almost no armour, amphibious, 8 rings, camouflage 1, gelatinous body 1,
(nimble swimmer 1), tentacles
a: no special abilities


You were on level 3 of the Dungeon.
You visited 1 branch of the dungeon, and saw 3 of its levels.

You collected 126 gold pieces.

Inventory:

Hand Weapons
 f - a +1 dagger of venom (weapon)
Jewellery
 i - an amulet of magic regeneration (around mantle)
 l - a ring of fire
Scrolls
 b - a scroll of fog {unknown}
 c - a scroll of immolation {unknown}
 d - a scroll of fear {unknown}
 g - 2 scrolls of identify {unknown}
 h - a scroll of vulnerability {unknown}
 j - a scroll of enchant armour {unknown}
 k - 2 scrolls of butterflies {unknown}
 m - a scroll of amnesia {unknown}
 n - a scroll of teleportation {unknown}
Potions
 a - a potion of magic
 e - a potion of curing {unknown}


   Skills:
 - Level 2.0 Dodging
 - Level 2.6 Stealth
 * Level 3.8 Spellcasting
 - Level 1.0 Transmutations
 + Level 3.8 Earth Magic


You had 6 spell levels left.
You knew the following spells:

 Your Spells              Type           Power      Damage    Failure   Level
a - Sandblast             Erth           36%        2d10      2%          1
b - Stone Arrow           Conj/Erth      22%        3d8       19%         3

Your spell library contained the following spells:

 Spells                   Type           Power      Damage    Failure   Level
 Passwall                 Tmut/Erth      10%        N/A       8%          2
 Freeze                   Ice            12%        1d3       14%         1
 Frozen Ramparts          Ice            6%         1d1       38%         3
 Hailstorm                Conj/Ice       3%         3d3       38%         3
 Petrify                  Tmut/Erth      12%        N/A       45%         4


Dungeon Overview and Level Annotations

Branches:
Dungeon (3/15)

Altars:


Innate Abilities, Weirdness & Mutations

You cannot wear most types of armour.
You are amphibious.
You can wear up to eight rings at the same time.
Your skin changes colour to match your surroundings (Stealth+).
Your rubbery body absorbs attacks. (AC +1, EV +1)
((You are camouflaged when in or above water. (Stealth+)))
You have tentacles for arms and can constrict up to eight enemies at once.


Message History

The blast of sand hits the orc!
You kill the orc!
The orc noisily roars encouragement to no one in particular.
The orc hits you with a +0 club.
An orc comes into view. It is wielding a +0 hand axe.
The blast of sand misses the orc.
The orc barely misses you.
An orc comes into view. It is wielding a +0 dagger.
The orc misses you.
The blast of sand hits the orc.
The orc is severely wounded.
The orc shouts!
A rat comes into view.
The orc barely misses you.
The blast of sand hits the orc!
You kill the orc!
The orc barely misses you. x2
The blast of sand hits the orc but does no damage.
The orc closely misses you.
The blast of sand hits the orc but does no damage.
The orc hits you with a +0 hand axe.
A ball python comes into view.
The orc hits you with a +0 hand axe! The orc barely misses you.
The blast of sand hits the orc!
You kill the orc!
The ball python hisses angrily.
The orc hits you with a +0 hand axe. The orc hits you with a +0 dagger.
* * * LOW HITPOINT WARNING * * *
You are too injured to fight recklessly!
Okay, then.
Okay, then.
Okay, then.
Casting: Sandblast (safe; 2% risk of failure)
Confirm with . or Enter, or press ? or * to list all spells.
Aiming: Sandblast (safe; 2% risk of failure)
Press: ? - help, Shift-Dir - straight line, f - orc
Aim: an orc, wielding a +0 hand axe and wearing a +0 chain mail (87% to hit)
The blast of sand misses the orc.
The orc hits you with a +0 dagger.
* * * LOW HITPOINT WARNING * * *
The orc hits you with a +0 hand axe.
You die...

.......<...#.####
..##.............
#!..[.......##
#.......S..##.
#..#....!.......
...##............
.## #............
####....o.......
..>....)@o.......
.(......)r.......
....).#...........
......##........>
...... ##.....##.
###### #######


You could see 2 orcs, a ball python and a rat.

Vanquished Creatures
  4 adders (D:2)
  A worm (D:2)
  3 dart slugs (D:1)
  4 orcs (D:3)
  7 ball pythons
  A bat (D:2)
  5 endoplasms
  4 goblins
  6 hobgoblins
  A frilled lizard (D:1)
  9 kobolds
  3 rats
48 creatures vanquished.

Notes
Turn   | Place    | Note
-------+----------+-------------------------------------------
     0 | D:1      | Crownlay the Octopode Earth Elementalist began the quest
                  | for the Orb.
     0 | D:1      | Reached XP level 1. HP: 11/11 MP: 3/3
   234 | D:1      | Reached XP level 2. HP: 17/17 MP: 3/5
   482 | D:1      | Found a faded altar of an unknown god.
   755 | D:1      | Reached XP level 3. HP: 20/21 MP: 4/7
  1219 | D:2      | Reached XP level 4. HP: 27/27 MP: 9/9
  1684 | D:2      | Learned a level 3 spell: Stone Arrow
  1727 | D:3      | Slain by an orc

Illustrated notes

Levels and vault maps discovered:
D:1:      onia_arrival_pentagram, layout_loops_ring,
          shapermc_ecumenical_altar_mp_ritualfount
D:2:      layout_basic
D:3:      layout_rooms

Skill      XL: |  1  2  3 |
---------------+----------+-----
Spellcasting   | 3 |  3.8
Dodging        | |  2.0
Stealth        | |  2.6
Transmutations | |  1.0
Earth Magic    | |  3.8

Action                     |  1- 3 |  4- 6 || total
---------------------------+-------+-------++-------
  Melee: Constrict         |     2 |       ||     2
         Unarmed           |     1 |       ||     1
         Tentacles         |     1 |       ||     1
         Dagger            |     1 |       ||     1
   Cast: Sandblast         |    37 |    33 ||    70
  Dodge: Dodged            |     2 |    14 ||    16

Table legend: (Time is in decaauts)
 A = Elapsed time spent in this place.
 B = Non-inter-level travel time spent in this place.
 C = Inter-level travel time spent in this place.
 D = Time resting spent in this place.
 E = Time spent auto-exploring this place.
 F = Levels seen in this place.
 G = Mean time per level.
                   A        B        C        D        E       F      G
               +--------+--------+--------+--------+--------+-----+--------+
         Total |   1760 |   1717 |     43 |      0 |   1471 |   3 |  586.7 |
       Dungeon |   1760 |   1717 |     43 |      0 |   1471 |   3 |  586.7 |
               +--------+--------+--------+--------+--------+-----+--------+

Top non-repeatable levels by time:
     D:1: 969 daAuts
     D:2: 759 daAuts
     D:3: 32 daAuts
